 Dungeon Crawl Stone Soup version 0.28.0-43-g3370ac3207 (webtiles) character file.

Game seed: 18428103140325191330

43 Ablot the Grasshopper (level 3, -2/31 HPs)
             Began as a Gnoll Warper on Mar 19, 2022.
             Slain by a goblin
             ... wielding a +0 dagger
             ... led by Robin
              (5 damage)
             ... on level 2 of the Dungeon.
             The game lasted 00:02:04 (1602 turns).

Ablot the Grasshopper (Gnoll Warper)                Turns: 1602, Time: 00:02:05

Health: -2/31      AC:  4    Str: 12    XL:     3   Next: 58%
Magic:  7/9        EV: 12    Int: 12    God:
Gold:   67         SH:  0    Dex: 11    Spells: 10/12 levels left

rFire   . . .      SeeInvis .   a - +0 spear
rCold   . . .      Faith    .   (no shield)
rNeg    . . .      Spirit   .   b - +0 leather armour
rPois   .          Reflect  .   (no helmet)
rElec   .          Harm     .   (no cloak)
rCorr   .          Rampage  .   (no gloves)
Will    .....                   j - +0 pair of boots
Stlth   +.........              (no amulet)
HPRegen 0.10/turn               (no ring)
MPRegen 0.11/turn               (no ring)

@: no status effects
A: fangs 1, strong nose, distributed training
a: no special abilities


You were on level 2 of the Dungeon.
You visited 1 branch of the dungeon, and saw 2 of its levels.

You collected 67 gold pieces.

Inventory:

Hand Weapons
 a - a +0 spear (weapon)
Missiles
 d - 5 boomerangs of dispersal (quivered)
 e - 20 stones
 f - 15 sling bullets
 i - 23 arrows
 k - 3 poisoned darts
Armour
 b - a +0 leather armour (worn)
 j - a +0 pair of boots (worn)
Wands
 l - a wand of iceblast (12)
Scrolls
 c - a scroll of blinking
 n - a scroll of identify {unknown}
Potions
 g - a potion of curing {unknown}
 h - a potion of heal wounds {unknown}


   Skills:
 + Level 4.5 Fighting
 + Level 0.8 Short Blades
 + Level 0.8 Long Blades
 + Level 0.8 Axes
 + Level 0.8 Maces & Flails
 + Level 4.5 Polearms
 + Level 0.8 Staves
 + Level 0.8 Slings
 + Level 0.8 Bows
 + Level 0.8 Crossbows
 + Level 2.6 Throwing
 + Level 2.6 Armour
 + Level 4.5 Dodging
 + Level 0.8 Stealth
 + Level 0.8 Shields
 + Level 0.8 Unarmed Combat
 + Level 5.0 Spellcasting
 + Level 0.5 Conjurations
 + Level 0.5 Hexes
 + Level 0.5 Summonings
 + Level 0.5 Necromancy
 + Level 5.4 Translocations
 + Level 0.5 Transmutations
 + Level 0.5 Fire Magic
 + Level 0.5 Ice Magic
 + Level 0.5 Air Magic
 + Level 0.5 Earth Magic
 + Level 0.5 Poison Magic
 + Level 1.0 Invocations
 + Level 0.8 Evocations


You had 10 spell levels left.
You knew the following spells:

 Your Spells              Type           Power      Damage    Failure   Level
a - Blink                 Tloc           32%        N/A       4%          2

Your spell library contained the following spells:

 Spells                   Type           Power      Damage    Failure   Level
 Gell's Gravitas          Tloc           16%        N/A       9%          3
 Lesser Beckoning         Tloc           16%        N/A       9%          3
 Teleport Other           Tloc           16%        N/A       9%          3
 Manifold Assault         Tloc           16%        N/A       58%         5


Dungeon Overview and Level Annotations

Branches:
Dungeon (2/15)

Altars:

Shops:
D:1 =

Annotations:
D:2 Robin


Innate Abilities, Weirdness & Mutations

You have very sharp teeth.
Your uncanny sense of smell can sniff out nearby items.
Your experience applies equally to all skills.


Message History

You throw a javelin. The javelin barely misses Robin.
The javelin pierces through the goblin!
You kill the goblin!
The javelin pierces through the goblin.
The goblin is severely wounded.
The javelin pierces through the hobgoblin.
The hobgoblin is almost dead.
Robin throws the goblin at you! The goblin hits you but does no damage.
Unknown command.
Throw: javelin
Press: ? - help, Q - select action, (/) - cycle Shift-Dir - straight line, f/p - hobgoblin
Aim: a hobgoblin (almost dead, strong, 59% to hit)
You throw a javelin. The javelin barely misses Robin.
The javelin pierces through the goblin!
You kill the goblin!
The javelin closely misses the hobgoblin.
Robin hits you but does no damage. The goblin hits you with a +0 club.
Robin roars a battlecry!
You hear a shout!
Unknown command.
You hit the goblin but do no damage. You bite the goblin, but do no damage.
The goblin is severely wounded.
The goblin hits you with a +0 club.
* * * LOW HITPOINT WARNING * * *
Robin throws the goblin at you!
* * * LOW HITPOINT WARNING * * *
Unknown command.
Casting: Blink (safe; 4% risk of failure)
Confirm with . or Enter, or press ? or * to list all spells.
You blink.
Robin says, "Duck!"
Robin throws the goblin at you! The goblin hits you with a +0 club.
* * * LOW HITPOINT WARNING * * *
You feel stable enough to blink again.
The goblin no longer looks unusually strong.
Robin roars a battlecry!
The goblin goes into a battle-frenzy!
The goblin hits you with a +0 dagger.
You die...

#########.# #.........#
#.........#
.#####.<.......########
................#.###..........
..................###..........
.......#########...............
...........#####..##...........
.......###..##g.@###...........
...............g.###...........
......†.....>...g..............
?......###g......###.#.........
..()).))..g......#.............
..(...).##.#.÷)....#...........
........##.#.).#.......###.#..###
.....#.##....#÷##...##..........
............##)....###.........##


You could see Robin, a hobgoblin (strong) and 3 goblins.

Vanquished Creatures
  4 endoplasms
  8 goblins
  3 hobgoblins (D:1)
  4 jackals (D:1)
  3 kobolds
  2 quokkas (D:2)
  A ball python (D:1)
  4 bats (D:1)
  4 frilled lizards
  5 rats
38 creatures vanquished.

Notes
Turn   | Place    | Note
-------+----------+-------------------------------------------
     0 | D:1      | Ablot the Gnoll Warper began the quest for the Orb.
     0 | D:1      | Reached XP level 1. HP: 20/20 MP: 6/6
   417 | D:1      | Reached XP level 2. HP: 26/26 MP: 7/7
   420 | D:1      | Learned a level 2 spell: Blink
   437 | D:1      | Found Roclodd's Jewellery Emporium.
  1257 | D:2      | Reached XP level 3. HP: 26/31 MP: 9/9
  1264 | D:2      | Reached skill level 5 in Spellcasting
  1571 | D:2      | Noticed Robin
  1592 | D:2      | Reached skill level 1 in Invocations
  1602 | D:2      | Slain by a goblin

Illustrated notes

Levels and vault maps discovered:
D:1:      dpeg_arrival_rooms_a, layout_loops_ring, serial_shops,
          nicolae_square_shop
D:2:      layout_rooms, minmay_tromino_v4_a, uniq_terence,
          uniq_crazy_yiuf_cottage, uniq_robin

Skill      XL: |  1  2  3 |
---------------+----------+-----
Spellcasting   | 5 |  5.0
Invocations    | 1 |  1.0
Fighting       | |  4.5
Short Blades   | |  0.8
Long Blades    | |  0.8
Axes           | |  0.8
Maces & Flails | |  0.8
Polearms       | |  4.5
Staves         | |  0.8
Slings         | |  0.8
Bows           | |  0.8
Crossbows      | |  0.8
Throwing       | |  2.6
Armour         | |  2.6
Dodging        | |  4.5
Stealth        | |  0.8
Shields        | |  0.8
Unarmed Combat | |  0.8
Conjurations   | |  0.5
Hexes          | |  0.5
Summonings     | |  0.5
Necromancy     | |  0.5
Translocations | |  5.4
Transmutations | |  0.5
Fire Magic     | |  0.5
Ice Magic      | |  0.5
Air Magic      | |  0.5
Earth Magic    | |  0.5
Poison Magic   | |  0.5
Evocations     | |  0.8

Action                   || total
-------------------------++-------
Melee: Spear             ||   132
       Bite              ||     8
Throw: Javelin           ||     5
 Cast: Blink             ||     1
 Stab: Sleeping          ||     3
Armor: Leather armour    ||    27
Dodge: Dodged            ||    70
